 Dungeon Crawl Stone Soup version 0.28-a0-1152-g9c71ebef14 (webtiles) character file.

Game seed: 31033382965086772

1 spaghetti the Skirmisher (level 1, 0/24 HPs)
             Began as an Ogre Delver on Dec 14, 2021.
             Slain by an adder (4 damage)
             ... on level 5 of the Dungeon.
             The game lasted 00:00:17 (44 turns).

spaghetti the Skirmisher (Ogre Delver)                Turns: 44, Time: 00:00:18

Health: 0/24       AC:  3    Str: 15    XL:     1   Next: 20%
Magic:  1/1        EV:  9    Int: 11    God:
Gold:   13         SH:  0    Dex: 10    Spells: 0/0 levels left

rFire   . . .      SeeInvis .   a - +0 mace {mace}
rCold   . . .      Faith    .   (no shield)
rNeg    . . .      Spirit   .   b - +0 robe
rPois   .          Reflect  .   (helmet restricted)
rElec   .          Harm     .   (no cloak)
rCorr   .          Rampage  .   (gloves unavailable)
Will    .....                   (boots unavailable)
Stlth   ++........              (no amulet)
HPRegen 0.08/turn               (no ring)
MPRegen 0.07/turn               (no ring)

@: lethally poisoned (0 -> -3)
A: large, unfitting armour, tough skin 1
a: no special abilities


You were on level 5 of the Dungeon.
You visited 1 branch of the dungeon, and saw 2 of its levels.

You collected 13 gold pieces.


Innate Abilities, Weirdness & Mutations

You are too large for most types of armour.
You have tough skin. (AC +1)


   Skills:
 + Level 4.1 Fighting
 - Level 1.7 Maces & Flails
 - Level 1.7 Dodging
 - Level 3.7 Stealth


You couldn't memorise any spells.
You didn't know any spells.
Your spell library was empty.

Inventory:

Hand Weapons
 a - a +0 mace (weapon) {mace}
Missiles
 h - 21 sling bullets
Armour
 b - a +0 robe (worn)
Wands
 g - a wand of digging (3)
Scrolls
 c - a scroll of fog
 e - a scroll of fear
Potions
 f - a potion of haste {@q3}

Dungeon Overview and Level Annotations

Branches:
Dungeon (5/15)
 Temple: D:4-7

Altars:

##.....## **,*,******
#....#..#*#,,,,,**,**
#....#..#.##..,,*,,,,
#....#......#*,,,,,,,
##............,,*,**,
####..##.#.#...,***,**
##..#...###..##.****,*,
#....5S## *...#****,,,,
##....@#***,....**,,,,≈
*#......#,**,,...*,,,,,≈
#........,**,***,,,,,,,≈
#.........,,,,*,,,,,,,,,
##.........*,,,,,,,,,,*,
##........#,,,*,*,,,,**
*#.........,,**,,,,,,,,
**.#.........,,,,>,,,,,,
*,,*,,,,,,,,,*,,,,,,,,**


You could see an adder and an ufetubus.


Message History

🤖 Initializing magus.rc ...
Options error: Delay interrupt name "hungry" not recognised. (~/.crawlrc:4771) ✅ Successfully initialized magus.rc [v1.9.6] Welcome, spaghetti the Ogre Delver.
It is said that the Orb of Zot exists deep within this dungeon.
Press ? for a list of commands and other information.
Found 21 sling bullets.
Found a stone staircase leading down.
h - 21 sling bullets
Found a stone staircase leading up.
Really read
d - a scroll of magic mapping {!r}?
As you read the scroll of magic mapping {!r}, it crumbles to dust.
You feel aware of your surroundings.
You sensed 1 altar, and 1 shop/portal.
Unknown command.
Unknown command.
(D) Dungeon
Where to? (? - help)
There is a stone staircase leading up here.
You climb upwards.
You hear the hiss of flowing sand.
There is an entrance to an ossuary on this level.
Hurry and find it before the portal is buried!
The hobgoblin shouts!
There is a stone staircase leading down here.
Unknown command.
Unknown command.
A hobgoblin is nearby!
You see here a puce potion.
d - a puce potion It was a potion of cancellation.
You feel magically purged.
An ufetubus comes into view.
The ufetubus moves out of view.
There is a stone staircase leading down here.
A jelly comes into view.
The jelly moves out of view.
You sock the hobgoblin!
You kill the hobgoblin!
No target in view!
No target in view!
An adder comes into view.
The adder moves out of view.
You now have 13 gold pieces.
An ufetubus is nearby!
An ufetubus is nearby!
The ufetubus shouts!
You hear an angry hiss.
The ufetubus barely misses you. The ufetubus closely misses you.
You hit the ufetubus but do no damage. The ufetubus barely misses you. x3
The ufetubus hits you but does no damage.
You hit the ufetubus. The ufetubus hits you. The ufetubus closely misses you.
The ufetubus barely misses you. x2 😕 HP[-2]
You take 2 damage, and now have 22/24 hp.
You barely miss the ufetubus. The ufetubus barely misses you.
The ufetubus closely misses you. The adder closely misses you.
The ufetubus closely misses you. The ufetubus barely misses you.
You miss the ufetubus. The ufetubus closely misses you.
The ufetubus barely misses you. The adder completely misses you.
The ufetubus hits you. x2; The adder bites you but does no damage. 😮 HP[-5]
You take 5 damage, and now have 17/24 hp.
MASSIVE DAMAGE!! (PAUSE) Unknown command.
The adder bites you but does no damage. 😮 HP[+1]
The ufetubus completely misses you.
The ufetubus hits you but does no damage.
The adder bites you but does no damage. The ufetubus closely misses you. x2
The ufetubus hits you.
The ufetubus barely misses you. 😮 HP[-2]
You take 2 damage, and now have 16/24 hp.
The adder bites you but does no damage.
There is a stone staircase leading down here.
The ufetubus closely misses you.
The ufetubus hits you but does no damage.
The adder bites you.
You are poisoned.
The adder poisons you! The ufetubus completely misses you.
The ufetubus hits you.
* * * LOW HITPOINT WARNING * * *
You climb downwards.
You feel very sick.
There is a stone staircase leading up here. 😨 HP[-7]
You take 7 damage, and now have 9/24 hp.
MASSIVE DAMAGE!! (PAUSE) Unknown command.
You miss the ufetubus.
You feel sick. The adder bites you.
* * * LOW HITPOINT WARNING * * *
The ufetubus closely misses you. The ufetubus hits you.
* * * LOW HITPOINT WARNING * * *
The adder bites you.
You die...

Action                   || total
-------------------------++-------
Melee: Mace              ||     6
  Use: Scroll            ||     1
       Potion            ||     1
Armor: Robe              ||     7
Dodge: Dodged            ||    23

Levels and vault maps discovered:
D:4:      layout_basic, mainiacjoe_overflow_cross_hatched,
          minmay_temple_entry_ruins, nicolae_ossuary_entry_catacombs,
          uniq_duvessa, uniq_sigmund
D:5:      cheibrodos_fzero, layout_cave_pools, fedhas_altar_2, serial_shops,
          nicolae_lakefront_shop

Notes
Turn   | Place    | Note
-------+----------+-------------------------------------------
     0 | D:5      | spaghetti the Ogre Delver began the quest for the Orb.
     0 | D:5      | Reached XP level 1. HP: 24/24 MP: 1/1
     0 | D:5      | magus.rc [v1.9.6]
    23 | D:4      | Noticed a jelly
    44 | D:5      | HP: 5/24 [adder (3)]
    44 | D:5      | Slain by an adder

Vanquished Creatures
  A hobgoblin (D:4)
1 creature vanquished.

Table legend:
 A = Non-vault XP
 B = Vault XP
 C = Vault XP percentage of total XP
 D = Non-vault monster count
 E = Vault monster count
 F = Vault count percentage of total count
                 A         B        C        D         E       F
            +---------+---------+-------+---------+---------+-------
      Total |       2 |       0 |   0.0 |       1 |       0 |   0.0
            +---------+---------+-------+---------+---------+-------
        D:4 |       2 |       0 |   0.0 |       1 |       0 |   0.0
            +---------+---------+-------+---------+---------+-------

Illustrated notes

Table legend:
 A = Kills in this place as a percentage of kills in entire the game.
 B = Kills by you in this place as a percentage of kills by you in the entire game.
 C = Kills by friends in this place as a percentage of kills by friends in the entire game.
 D = Other kills in this place as a percentage of other kills in the entire game.
 E = Experience gained in this place as a percentage of experience gained in the entire game.
 F = Experience gained in this place divided by the number of levels of this place that you have seen.
                   A       B       C       D       E      F
               +-------+-------+-------+-------+-------+----------------------
         Total | 100.0 | 100.0 |   N/A |   N/A | 100.0 |   1.0
       Dungeon | 100.0 | 100.0 |   N/A |   N/A | 100.0 |   1.0
               +-------+-------+-------+-------+-------+----------------------

Table legend: (Time is in decaauts)
 A = Elapsed time spent in this place.
 B = Non-inter-level travel time spent in this place.
 C = Inter-level travel time spent in this place.
 D = Time resting spent in this place.
 E = Time spent auto-exploring this place.
 F = Levels seen in this place.
 G = Mean time per level.
                   A        B        C        D        E       F      G
               +--------+--------+--------+--------+--------+-----+--------+
         Total |     45 |     39 |      6 |      0 |     10 |   2 |   22.5 |
       Dungeon |     45 |     39 |      6 |      0 |     10 |   2 |   22.5 |
               +--------+--------+--------+--------+--------+-----+--------+

Top non-repeatable levels by time:
     D:4: 29 daAuts
     D:5: 16 daAuts
